 Dungeon Crawl Stone Soup version 0.30.0-30-g96aa6591b8 (webtiles) character file.

Game seed: 4404171394175742125

997 GloriousHammer the Basher (level 8, 0/63 HPs)
             Began as a Meteoran Fighter on July 1, 2023.
             Slain by an orc warrior
             ... wielding a +0 battleaxe
              (18 damage)
             ... on level 7 of the Dungeon.
             The game lasted 00:13:00 (1631 turns).

GloriousHammer the Basher (Meteoran Fighter)        Turns: 1631, Time: 00:13:01

Health: 0/63       AC: 10    Str: 18    XL:     8   Next: 70%
Magic:  9/9        EV:  9    Int: 11    God:
Gold:   128        SH:  5    Dex: 14    Spells: 7/7 levels left

rFire   . . .        B - +8 mace of Disharmony {freeze, Fly rC+}
rCold   + . .        c - +0 buckler
rNeg    . . .        b - +0 scale mail
rPois   .            j - +1 helmet
rElec   .            g - +0 cloak
rCorr   .            (no gloves)
SInv    .            (no boots)
Will    +....        (no amulet) Stlth
                     (no ring)
HPRegen 0.30/turn    (no ring)
MPRegen 0.11/turn

%: no passive effects
@: flying, glowing
A: sense surroundings 1, otherworldly, glowing, explore regen
a: no special abilities


You were on level 7 of the Dungeon.
You visited 1 branch of the dungeon, and saw 7 of its levels.

You collected 128 gold pieces.

Inventory:

Hand Weapons
 B - the +8 mace of Disharmony (weapon) {freeze, Fly rC+}
   (You found it on level 6 of the Dungeon)

   rC:        It protects you from cold.
   Fly:       It grants you flight.
Missiles
 h - 6 javelins (quivered)
 k - 24 stones
Armour
 b - a +0 scale mail (worn)
 c - a +0 buckler (worn)
 g - a +0 cloak (worn)
 j - a +1 helmet (worn)
 l - a scarf of harm
 A - a +0 plate armour
Jewellery
 w - an amulet of magic regeneration
Wands
 y - a wand of flame (21)
Scrolls
 a - a scroll of enchant weapon {unknown}
 m - 4 scrolls of amnesia {unknown}
 n - a scroll of fog {unknown}
 s - 2 scrolls of blinking
 u - a scroll of magic mapping {unknown}
 x - a scroll of poison {unknown}
 z - a scroll of noise {unknown}
Potions
 d - a potion of might
 e - a potion of lignification {unknown}
 f - 4 potions of heal wounds {unknown}
 i - 3 potions of flight {unknown}
 o - a potion of brilliance {unknown}
 p - a potion of curing
 q - a potion of mutation {unknown}
 t - 2 potions of magic {unknown}


   Skills:
 - Level 3.2 Fighting
 + Level 12.2 Maces & Flails
 - Level 3.6 Armour
 - Level 3.6 Shields


You had 7 spell levels left.
You didn't know any spells.
Your spell library contained the following spells:

 Spells                   Type           Power      Damage    Failure   Level
 Necrotise                Necr           0%         1d4       80%         1
 Ozocubu's Armour         Ice            0%         N/A       99%         3
 Vampiric Draining        Necr           0%         2d6       99%         3
 Agony                    Necr           0%         N/A       100%        5
 Metabolic Englaciation   Hex/Ice        0%         N/A       100%        5
 Simulacrum               Ice/Necr       0%         N/A       100%        6


Dungeon Overview and Level Annotations

Branches:
Dungeon (7/15) Zot: 2549
 Temple: D:4-7

Altars:
Fedhas
Makhleb
Qazlal

Annotations:
D:6 Eustachio


Innate Abilities, Weirdness & Mutations

You passively map a small area around you.
You are easily found by Zot.
You glow in the dark.
You regain HP and MP as you explore.


Message History

An orc comes into view. It is wielding a +0 flail.
The orc shouts!
An orc comes into view. It is wielding a +0 hand axe.
The orc shouts!
You block the orc's attack.
You hit the orc. You freeze the orc.
The orc is heavily wounded.
The orc hits you with a +0 flail.
You thump the orc! You freeze the orc.
You kill the orc!
The orc throws a boomerang.
The boomerang barely misses you. You block the orc's attack.
Things that are here:
a +0 flail; a +0 chain mail; an orc corpse You completely miss the orc.
The orc hits you with a +0 hand axe.
You completely miss the orc. You block the orc's attack.
You closely miss the orc. The orc hits you but does no damage.
You closely miss the orc. You sock the orc! You freeze the orc.
You kill the orc!
Items here: ( ) [ †.
Things that are here:
a +0 flail; a +0 chain mail; an orc corpse
Items here: ( ) [ †.
A hound skeleton comes into view.
Found a burning altar of Makhleb.
A necrophage comes into view.
Found 7 gold pieces.
The hound skeleton bites you but does no damage.
The necrophage moves out of view.
You sock the hound skeleton!
The hound skeleton is heavily damaged.
The hound skeleton bites you but does no damage.
You sock the necrophage!
The necrophage is heavily damaged.
You sock the necrophage! You freeze the necrophage.
The necrophage is severely damaged.
You block the necrophage's attack.
You sock the necrophage!
You destroy the necrophage!
You sock the hound skeleton!
The hound skeleton is almost destroyed.
The hound skeleton barely misses you.
You barely miss the hound skeleton.
The hound skeleton is almost destroyed.
The hound skeleton bites you.
You sock the hound skeleton!
You destroy the hound skeleton!
You see here a necrophage corpse.
You now have 128 gold pieces (gained 7).
You see here a necrophage corpse.
Found an escape hatch in the floor.
A gnoll comes into view. It is wielding a +0 spear.
The gnoll shouts!
A gnoll comes into view. It is wielding a +0 halberd.
The gnoll moves out of view.
Eustachio, a gnoll bouda and a gnoll come into view.
The gnoll bouda shouts!
The gnoll shouts! x2
A gnoll comes into view. It is wielding a +0 spear.
An orc comes into view. It is wielding a +0 whip.
The orc priest pulls the alarm!
The alarm trap emits a blaring wail!
A sentinel's mark forms upon you.
An orc priest comes into view. It is wielding a +0 club.
The orc shouts!
You hear a shout! x13
Something shouts, "Return whence thou came, thou plume-plucked sow-suckled mammet!"
You hear a shout!
You hear a bark!
You hear a shout!
The gnoll hits you but does no damage.
A gnoll comes into view. It is wielding a +0 spear.
An orc warrior comes into view. It is wielding a +0 mace.
The gnoll bouda barks out a call to the hunt!
The gnolls pick up the pace!
The gnoll hits you from afar with a +0 spear.
The orc priest mumbles some strange prayers to Beogh against you.
Beogh smites you!
Eustachio screams, "This atrocity can only be purified with blood!"
The gnoll closely misses you.
The gnoll hits you from afar with a +0 spear.
A scorpion comes into view.
An orc comes into view. It is wielding a +0 flail.
The gnoll completely misses you.
An orc comes into view. It is wielding a +0 hand axe.
An orc comes into view. It is wielding a +0 dagger.
You block the gnoll's attack.
An orc warrior comes into view. It is wielding a +0 battleaxe.
An orc comes into view. It is wielding a +0 flail.
Okay, then.
An orc comes into view. It is wielding a +0 flail.
The scorpion closely misses you.
An orc priest comes into view. It is wielding a +0 club.
The orc moves out of view.
An orc comes into view. It is wielding a +0 club.
The gnoll bouda gazes fiercely through you!
You feel your attacks grow feeble. The orc closely misses you.
An orc comes into view. It is wielding a +0 club.
The gnoll hits you but does no damage.
Blink to where?
Press: ? - help, Dir - move target
As you read the scroll of blinking, it crumbles to dust.
As you open the door, it creaks loudly!
Found 16 gold pieces.
An ice beast comes into view.
Found 6 gold pieces.
Found two stone staircases leading down.
Your attacks no longer feel as feeble.
There is an open door here.
Found 7 gold pieces.
A white imp comes into view.
Found a book of Geomancy.
The gnoll is no longer moving quickly.
You see here 6 gold pieces.
There is a stone staircase leading down here.
The gnoll is no longer moving quickly. x2
You closely miss the gnoll. The gnoll hits you with a +0 club.
You closely miss the gnoll. You sock the gnoll! You freeze the gnoll.
You kill the gnoll!
The scorpion stings you.
You sock the scorpion! You freeze the scorpion.
The scorpion is heavily wounded.
You block the scorpion's attack.
The gnoll hits you from afar with a +0 spear.
You hit the scorpion. You freeze the scorpion.
The scorpion is almost dead.
The scorpion completely misses you.
An orc comes into view. It is wielding a +0 mace.
You hit the scorpion. You freeze the scorpion.
You kill the scorpion!
The gnoll hits you from afar with a +0 spear.
The ice beast hits you but does no damage.
You sock the ice beast!
The ice beast is moderately wounded.
The gnoll hits you but does no damage. You block the gnoll's attack.
You thump the ice beast!
The ice beast is heavily wounded.
The white imp gestures at you. The puff of frost hits you. You resist.
The ice beast hits you but does no damage.
You block the gnoll's attack.
The gnoll hits you from afar with a +0 spear.
You hit the ice beast.
The ice beast is almost dead.
The ice beast closely misses you. The gnoll barely misses you.
You thump the white imp!
You kill the white imp!
The gnoll hits you from afar with a +0 spear.
The ice beast hits you but does no damage.
You hit the orc but do no damage. The gnoll hits you but does no damage.
The gnoll hits you from afar with a +0 spear.
The ice beast hits you but does no damage.
The orc hits you but does no damage.
You sock the orc! You freeze the orc.
You kill the orc!
You block the gnoll's attack.
The gnoll hits you from afar with a +0 spear. x2
The ice beast hits you but does no damage.
You hit the ice beast.
You kill the ice beast!
You block the gnoll's attack. x2
The gnoll hits you from afar with a +0 spear.
Your Maces & Flails skill increases to level 12!
You barely miss the orc. The gnoll barely misses you.
You block the gnoll's attack. The gnoll hits you but does no damage.
You sock the orc! You freeze the orc.
You kill the orc!
The gnoll bouda gazes fiercely through you!
You feel your attacks grow feeble. The gnoll barely misses you.
The gnoll hits you but does no damage. You block the gnoll's attack.
You block the gnoll's attack. The gnoll hits you but does no damage.
The gnoll closely misses you.
You fly downwards.
The sentinel's mark upon you fades away.
There is a stone staircase leading up here.
You fly upwards.
Level annotation: Eustachio The gnoll closely misses you.
There is a stone staircase leading down, spattered with blood here.
Your attacks no longer feel as feeble.
The gnoll hits you from afar with a +0 spear.
The gnoll barely misses you. You block the orc warrior's attack.
You fly downwards.
There is a stone staircase leading up here.
You can't go down here!
You hit the orc warrior. You freeze the orc warrior.
The orc warrior is lightly wounded.
You hit the orc warrior. You freeze the orc warrior.
The orc warrior is moderately wounded.
The orc warrior hits you with a +0 battleaxe!
You hit the orc warrior but do no damage.
The orc warrior is moderately wounded.
The orc warrior hits you with a +0 battleaxe!
You thump the orc warrior! You freeze the orc warrior.
The orc warrior is severely wounded.
The orc warrior hits you with a +0 battleaxe!
* * * LOW HITPOINT WARNING * * *
You barely miss the orc warrior.
The orc warrior is severely wounded.
The orc warrior hits you with a +0 battleaxe!!
You die...

* * , , #. +
*, #. , *
#.* ### * *
* #. *.., +
, #.*#. #.+
,, *
#.#.#...+, ,
,###o......#
* ,
+...@...# *
####........
##..#..## *
#.#,## ,, .#
.# . # * , *
,


You could see an orc warrior.

Vanquished Creatures
  3 black bears
  3 ice beasts
  A scorpion (D:6)
  A necrophage (D:6)
  3 orc priests
  A hound (D:3)
  A jelly (D:4)
  Ijyb (D:5)
  An orc wizard (D:7)
  A hound skeleton (D:6)
  A gnoll (D:6)
  2 adders
  A white imp (D:6)
  An ufetubus (D:4)
  A worm (D:2)
  5 dart slugs
  9 orcs
  5 ball pythons
  5 bats
  4 endoplasms
  A giant cockroach (D:1)
  2 goblins (D:1)
  4 hobgoblins
  3 quokkas
  5 kobolds
  5 rats
70 creatures vanquished.

Notes
Turn   | Place    | Note
-------+----------+-------------------------------------------
     0 | D:1      | GloriousHammer the Meteoran Fighter began the quest for the
                  | Orb.
     0 | D:1      | Reached XP level 1. HP: 19/19 MP: 2/2
    16 | D:1      | Reached skill level 3 in Maces & Flails
    38 | D:1      | Reached XP level 2. HP: 23/26 MP: 3/3
   121 | D:1      | Reached skill level 4 in Maces & Flails
   164 | D:1      | Reached XP level 3. HP: 29/31 MP: 4/4
   283 | D:2      | Found a faded altar of an unknown god.
   437 | D:3      | Reached skill level 5 in Maces & Flails
   452 | D:3      | Reached XP level 4. HP: 38/38 MP: 5/5
   527 | D:3      | Reached skill level 6 in Maces & Flails
   527 | D:3      | Reached XP level 5. HP: 32/45 MP: 6/6
   667 | D:5      | Entered Level 5 of the Dungeon
   720 | D:4      | Noticed a black bear
   737 | D:4      | Killed a black bear
   738 | D:4      | Reached skill level 7 in Maces & Flails
   738 | D:4      | Reached XP level 6. HP: 28/51 MP: 7/7
   749 | D:4      | Reached skill level 8 in Maces & Flails
  1195 | D:5      | Noticed Ijyb
  1216 | D:5      | Killed Ijyb
  1217 | D:5      | Reached XP level 7. HP: 35/57 MP: 8/8
  1236 | D:5      | Reached skill level 9 in Maces & Flails
  1329 | D:5      | Reached skill level 10 in Maces & Flails
  1338 | D:5      | Found a stormy altar of Qazlal.
  1417 | D:6      | Reached XP level 8. HP: 51/63 MP: 9/9
  1423 | D:6      | Identified the +8 mace of Disharmony {freeze, Fly rC+}
  1432 | D:5      | Found a blossoming altar of Fedhas.
  1484 | D:7      | Reached skill level 11 in Maces & Flails
  1549 | D:6      | Found a burning altar of Makhleb.
  1579 | D:6      | Noticed Eustachio
  1619 | D:6      | Reached skill level 12 in Maces & Flails
  1631 | D:7      | Slain by an orc warrior

Illustrated notes

Levels and vault maps discovered:
D:1:      ebering_hopf_link, layout_rooms, minmay_box_of_dots
D:2:      layout_loops_ring, nicolae_ecumenical_pavilion, serial_bayou_lagoon_b
D:3:      layout_basic
D:4:      layout_rooms, serial_forest, infiniplex_forest_zigzag_1,
          infiniplex_forest_lined_corner, infiniplex_forest_straight_5,
          infiniplex_forest_clump_diagonal, infiniplex_forest_end_3,
          infiniplex_forest_straight_2, infiniplex_forest_straight_3,
          infiniplex_forest_zigzag_1, infiniplex_forest_straight_2
D:5:      layout_basic, fedhas_altar_2, nicolae_qazlal_scattered_showers,
          reono_crystal_passage, amcnicky_mini_corridor_feature,
          hangedman_decor_lopped, uniq_ijyb
D:6:      layout_gridville, makhleb_blood_cavern_becter,
          minmay_temple_entry_stoned_glass, uniq_crazy_yiuf_cottage,
          uniq_eustachio
D:7:      cheibrodos_two_vegetables, layout_loops_corners,
          grunt_dithmenos_smoke_and_mirrors, eino_jars, uniq_duvessa

Skill      XL: |  1  2  3  4  5  6  7  8 |
---------------+-------------------------+-----
Maces & Flails | 3 4 5 6 7 8 10 12 | 12.2
Fighting       | |  3.2
Armour         | |  3.6
Shields        | |  3.6

Action                     |  1- 3 |  4- 6 |  7- 9 || total
---------------------------+-------+-------+-------++-------
  Melee: Flail             |    68 |    89 |    25 ||   182
         Mace              |       |       |    48 ||    48
    Use: Scroll            |       |     1 |     1 ||     2
         Potion            |       |     1 |       ||     1
 Armour: Scale mail        |    32 |    36 |    34 ||   102
  Dodge: Dodged            |    18 |    20 |    24 ||    62
  Block: Buckler           |    15 |    22 |    23 ||    60
